 Dungeon Crawl Stone Soup version 0.31-a0-672-g7da72447bb (webtiles) character file.

Game seed: 10142893832731054162

11550 Turgor the Mimic (level 11, -9/91 HPs)
             Began as a Troll Shapeshifter on Sept 4, 2023.
             Was a Priest of Wu Jian.
             Mangled by Snorg (13 damage)
             ... on level 10 of the Dungeon.
             The game lasted 00:49:02 (8807 turns).

Turgor the Mimic (Troll Shapeshifter)               Turns: 8807, Time: 00:49:03

Health: -9/91      AC:  9    Str: 36    XL:     11   Next: 50%
Magic:  10/10      EV:  9    Int:  6    God:    Wu Jian [***...]
Gold:   880        SH:  5    Dex: 11    Spells: 10/10 levels left

rFire   + +          .
                       - Unarmed
rCold   x . .        (shield currently unavailable)
rNeg    . . .        E - melded +0 acid dragon scales
rPois   +            (helmet currently unavailable)
rElec   .            F - melded +0 cloak
rCorr   .            (gloves unavailable)
SInv    .            (boots unavailable)
Will    +....        B - amulet of reflection
Stlth   +            M - ring of willpower
HPRegen 1.15/turn    (no ring)
MPRegen 0.12/turn

%: reflection
@: dragon-form, flying
A: dragon claw, dragon scales, breathe fire, flying, reduced hp, giant,
unfitting armour, (claws 3), regeneration 1, (shaggy fur 1), (tough skin 1)
a: Breathe Fire, Begin Untransformation, Renounce Religion, Wall Jump, Serpent's
Lash


You were on level 10 of the Dungeon.
You worshipped Wu Jian.
Wu Jian was most pleased with you.
You were a fearsome dragon!
You visited 1 branch of the dungeon, and saw 10 of its levels.

You collected 880 gold pieces.

Inventory:

Hand Weapons
 u - the +5 hammer of Vuopnouh {spect, rF+ Str+2}
   (You found it on level 7 of the Dungeon)

   Str+2:     It affects your strength (+2).
   rF+:       It protects you from fire.
 D - the +6 shillelagh "Devastator" {shatter}
   (You found it on level 6 of the Dungeon)
Missiles
 z - 23 poisoned darts (quivered)
Armour
 f - a +2 robe of cold resistance
 E - +0 acid dragon scales (melded)
 F - a +0 cloak (melded)
 J - +0 steam dragon scales
Jewellery
 B - an amulet of reflection (around neck)
 M - a ring of willpower (left foreclaw)
Talismans
 c - a beast talisman
 d - a flux talisman
 v - a talisman of death
 N - a dragon-blood talisman (active)
Wands
 a - a wand of flame (16)
 H - a wand of iceblast (2)
 L - a wand of acid (1)
Scrolls
 j - 3 scrolls of immolation
 k - 2 scrolls of blinking {unknown}
 m - 2 scrolls of amnesia {unknown}
 p - 2 scrolls of revelation {unknown}
 r - 2 scrolls of noise {unknown}
 s - a scroll of enchant armour {unknown}
 t - 2 scrolls of fear {unknown}
 w - 2 scrolls of vulnerability {unknown}
 x - a scroll of teleportation {unknown}
 y - a scroll of torment {unknown}
 I - a scroll of silence {unknown}
 K - a scroll of enchant weapon {unknown}
Potions
 b - 2 potions of brilliance
 e - 4 potions of enlightenment
 h - 2 potions of might
 i - 5 potions of curing
 l - a potion of magic
 n - a potion of heal wounds
 o - 2 potions of attraction
 q - a potion of resistance
 A - a potion of cancellation
 C - a potion of lignification
 G - a potion of mutation {unknown}
Miscellaneous
 g - a phantom mirror


   Skills:
 - Level 7.0 Fighting
 - Level 6.0 Dodging
 + Level 9.2 Unarmed Combat
 + Level 1.3 Evocations
 * Level 11.5 Shapeshifting


You had 10 spell levels left.
You didn't know any spells.
Your spell library contained the following spells:

 Spells                   Type           Power      Damage    Failure   Level
 Slow                     Hex            0%         N/A       45%         1
 Sting                    Tmut/Pois      0%         1d3       45%         1
 Blink                    Tloc           0%         N/A       58%         2
 Ignite Poison            Fire/Tmut/Pois 0%         N/A       83%         3
 Volatile Blastmotes      Fire/Tloc      0%         2d10      83%         3
 Fulminant Prism          Conj/Hex       0%         3d5       99%         4
 Iskenderun's Mystic Bla  Conj/Tloc      0%         2d3       99%         4
 Manifold Assault         Tloc           0%         N/A       99%         4
 Petrify                  Tmut/Erth      0%         N/A       99%         4
 Sticky Flame             Conj/Fire      0%         2d3       99%         4
 Eringya's Noxious Bog    Tmut/Pois      0%         4d6       100%        6
 Simulacrum               Ice/Necr       0%         N/A       100%        6
 Ozocubu's Refrigeration  Ice            0%         4d7       100%        7
 Ignition                 Fire           0%         3d3       100%        8
 Lehudib's Crystal Spear  Conj/Erth      0%         10d2      100%        8
 Polar Vortex             Ice            0%         N/A       100%        9


Dungeon Overview and Level Annotations

Branches:
Dungeon (10/15)            Temple (0/1) D:7            Lair (0/5) D:9
    Orc: D:9-12

Altars:
Ashenzari
Elyvilon
Gozag
Kikubaaqudgha
Makhleb
Nemelex Xobeh
Okawaru
Ru
Uskayaw
Wu Jian

Shops:
D:4 :   D:7 ((

Annotations:
D:4 2 runed translucent doors
D:10 Snorg


Innate Abilities, Weirdness & Mutations

You are a fearsome dragon!
You have a powerful clawing attack.
Your giant scaled body is strong and resilient, but less evasive.
You can breathe fire.
You are flying.
Your maximum health is decreased, since you lack skill for your form.
Your armour is entirely melded.
You are incapable of wielding weapons or throwing items.
You are too large for most types of armour.
((You have claws for hands.))
Your natural rate of healing is unusually fast.
((You are covered in fur. (AC +1)))
((You have tough skin. (AC +1)))


Message History

You reach down and open the gate.
Found a white marble altar of Elyvilon.
There is an open gate here.
There is an open gate here.
Found a stone staircase leading down.
Snorg the Insatiable comes into view.
Snorg shouts!
You barely miss Snorg.
Your tail-slap misses Snorg.
Snorg draws her long claws delicately across her gut.
You block Snorg's attack. Snorg barely misses you. You block Snorg's attack.
You bite Snorg!! You tail-slap Snorg, but do no damage. You bite Snorg.
Snorg is heavily wounded.
Snorg bites you! Snorg claws you but does no damage. x2
You claw Snorg! You tail-slap Snorg.
Snorg is heavily wounded.
Snorg goes berserk!
You bite Snorg!!
Snorg is severely wounded.
Snorg barely misses you. Snorg claws you but does no damage.
Snorg closely misses you.
You barely miss Snorg.
Snorg is severely wounded.
Snorg bites you. Snorg claws you!! Snorg claws you!
You barely miss Snorg. Your bite misses Snorg.
Snorg is severely wounded.
Snorg bites you but does no damage. Snorg claws you! You block Snorg's attack.
Unknown command.
You barely miss Snorg. You tail-slap Snorg! Your bite misses Snorg.
Snorg is severely wounded.
Snorg bites you!
* * * LOW HITPOINT WARNING * * *
Snorg claws you.
* * * LOW HITPOINT WARNING * * *
You block Snorg's attack.
You barely miss Snorg.
Snorg is severely wounded.
Snorg closely misses you. Snorg claws you but does no damage. Snorg claws you!
* * * LOW HITPOINT WARNING * * *
You block Snorg's attack. Snorg claws you but does no damage. Snorg claws you!
You die... ### ................ ..######### .................. ..#.......# ......∩........... ..#.P._.P.# ...##### ######### ###.P...P.# #..# # #.PPPPP.#

#..# # #.......# #..# #
###'''### #T.# # #....#
#D.# #
####.###########..# #
..................######
).................>.....
.................#######
###############..# #..#
#..# #..#


You could see Snorg (berserk).

Vanquished Creatures
  A two-headed ogre (D:10)
  Amaemon (D:9)
  Pikel (D:7)
  A cyclops (D:7)
  A manticore (D:7)
  An elephant (D:9)
  An orange demon (D:9)
  Jeremiah (D:7)
  Maggie (D:7)
  A troll (D:10)
  4 hornets
  Grinder (D:3)
  Sigmund (D:3)
  2 wraiths
  A yak (D:7)
  A basilisk (D:9)
  2 steam dragons (D:8)
  2 wyverns
  Duvessa (D:5)
  3 acid dragons
  2 water moccasins
  4 black bears
  6 ogres
  5 orc warriors
  An ice beast (D:7)
  2 sky beasts
  A lemure (D:7)
  5 centaurs
  A phantom (D:5)
  Blork the orc (D:6)
  4 kobold brigands
  4 bullfrogs
  A gnoll sergeant (D:5)
  A scorpion (D:6)
  6 wights
  Dowan (D:5)
  10 killer bees
  5 howler monkeys
  3 jellies
  6 hounds
  Crazy Yiuf (D:7)
  5 gnoll boudas (D:9)
  4 orc priests
  2 iguanas
  6 orc wizards
  Robin (D:2)
  22 gnolls
  8 adders
  2 shadow imps (D:7)
  2 white imps (D:5)
  2 worms (D:2)
  A dart slug (D:5)
  20 orcs
  4 endoplasms
  4 giant cockroaches
  14 goblins
  8 hobgoblins
  2 jackals (D:2)
  5 quokkas
  2 ball pythons
  5 bats
  6 frilled lizards (D:2)
  26 kobolds
  6 rats
255 creatures vanquished.

Notes
Turn   | Place    | Note
-------+----------+-------------------------------------------
     0 | D:1      | Turgor the Troll Shapeshifter began the quest for the Orb.
     0 | D:1      | Reached XP level 1. HP: 18/18 MP: 0/0
   230 | D:1      | Reached skill level 1 in Fighting
   249 | D:1      | Reached XP level 2. HP: 27/27 MP: 1/1
   982 | D:2      | Reached XP level 3. HP: 24/33 MP: 2/2
  1006 | D:2      | Found a faded altar of an unknown god.
  1016 | D:2      | Got Plato's Verses on Bewitchment
  1230 | D:2      | Noticed Robin
  1324 | D:2      | Killed Robin
  1325 | D:2      | Reached XP level 4. HP: 38/41 MP: 3/3
  1521 | D:2      | Found an opulent altar of Gozag.
  1583 | D:3      | Noticed Sigmund
  1675 | D:3      | Reached skill level 4 in Shapeshifting
  1875 | D:3      | Noticed Grinder
  1888 | D:3      | Killed Grinder
  1889 | D:3      | Reached XP level 5. HP: 49/49 MP: 4/4
  1889 | D:3      | Reached XP level 6. HP: 57/57 MP: 5/5
  1931 | D:3      | Killed Sigmund
  1932 | D:3      | Reached skill level 5 in Shapeshifting
  2013 | D:3      | Found a sparkling altar of Nemelex Xobeh.
  2149 | D:4      | Found Zuerch's Book Shoppe.
  2358 | D:4      | Found a large runed translucent door.
  2360 | D:4      | Found a large runed translucent door.
  2401 | D:4      | Reached XP level 7. HP: 66/66 MP: 6/6
  2822 | D:5      | Entered Level 5 of the Dungeon
  2826 | D:5      | Noticed Duvessa
  2826 | D:5      | Noticed Dowan
  3047 | D:5      | Found an iron altar of Okawaru.
  3174 | D:5      | Reached skill level 6 in Shapeshifting
  3177 | D:5      | Reached skill level 5 in Unarmed Combat
  3289 | D:5      | Reached XP level 8. HP: 75/75 MP: 7/7
  3407 | D:5      | Found an ornate altar of the Wu Jian Council.
  3415 | D:5      | Became a worshipper of the Wu Jian Council
  3520 | D:5      | Killed Dowan
  3546 | D:5      | Killed Duvessa
  4042 | D:6      | Found a broken altar of Ashenzari.
  4180 | D:6      | Reached skill level 7 in Shapeshifting
  4194 | D:6      | Found the +6 shillelagh "Devastator" {shatter}
  4652 | D:6      | Found a burning altar of Makhleb.
  4652 | D:6      | Noticed Blork the orc
  4664 | D:6      | Killed Blork the orc
  4771 | D:7      | Noticed Jeremiah
  4789 | D:7      | Noticed a hornet
  4794 | D:7      | Killed a hornet
  4795 | D:7      | Reached XP level 9. HP: 31/85 MP: 8/8
  4911 | D:7      | Noticed Maggie
  4918 | D:7      | Killed Maggie
  4919 | D:7      | Reached skill level 5 in Dodging
  4919 | D:7      | Reached skill level 8 in Shapeshifting
  5065 | D:7      | Noticed a manticore
  5074 | D:7      | Killed a manticore
  5075 | D:7      | Reached skill level 5 in Fighting
  5187 | D:7      | Reached * piety under Wu Jian
  5252 | D:7      | Killed Jeremiah
  5253 | D:7      | Reached skill level 9 in Shapeshifting
  5253 | D:7      | Reached XP level 10. HP: 68/90 MP: 9/9
  5287 | D:7      | Found an ancient bone altar of Kikubaaqudgha.
  5287 | D:7      | Found a sacrificial altar of Ru.
  5290 | D:7      | Found an opulent altar of Gozag.
  5378 | D:7      | Noticed Pikel
  5384 | D:7      | Killed Pikel
  5390 | D:7      | Noticed a cyclops
  5401 | D:7      | Killed a cyclops
  5413 | D:7      | Got the Tome of Crystalline Permutations
  5528 | D:7      | Found a staircase to the Ecumenical Temple.
  5689 | D:7      | Found Adaunus's Antique Weapon Boutique.
  5786 | D:7      | Found Nerunn's Antique Weapon Emporium.
  5830 | D:7      | Found a runed translucent door.
  5831 | D:7      | Noticed Crazy Yiuf
  5833 | D:7      | Identified the +5 hammer of Vuopnouh {spect, rF+ Str+2}
  5838 | D:7      | Killed Crazy Yiuf
  6438 | D:8      | Reached skill level 10 in Shapeshifting
  6739 | D:9      | Reached ** piety under Wu Jian
  6808 | D:9      | Noticed an orange demon
  6831 | D:9      | Killed an orange demon
  6960 | D:9      | Noticed Amaemon
  6967 | D:9      | Killed Amaemon
  7148 | D:9      | Found a staircase to the Lair.
  7148 | D:9      | Noticed an elephant
  7167 | D:9      | Killed an elephant
  7168 | D:9      | Reached XP level 11. HP: 93/107 MP: 10/10
  7850 | D:9      | Reached skill level 11 in Shapeshifting
  7916 | D:9      | Reached *** piety under Wu Jian
  8305 | D:10     | Entered Level 10 of the Dungeon
  8324 | D:10     | Found a hide-covered altar of Uskayaw.
  8534 | D:10     | Noticed a two-headed ogre
  8562 | D:10     | Reached skill level 1 in Evocations
  8566 | D:10     | HP: 1/89 [two-headed ogre/+0 dire flail (26)]
  8568 | D:10     | Killed a two-headed ogre
  8772 | D:10     | Found a white marble altar of Elyvilon.
  8794 | D:10     | Noticed Snorg
  8807 | D:10     | HP: 4/91 [Snorg (17)]
  8807 | D:10     | Mangled by Snorg

Illustrated notes

Levels and vault maps discovered:
D:1:      dpeg_arrival_boxes_within_box, layout_basic, serial_forest,
          infiniplex_forest_clump_tiny, infiniplex_forest_straight_1,
          infiniplex_forest_lined_3, infiniplex_forest_lined_3
D:2:      layout_basic, basic_altar, shapermc_ecumenical_altar_rom_forum,
          minmay_stone_trees_medium, uniq_robin
D:3:      layout_rooms, mainiacjoe_overflow_surrounded_room, uniq_grinder,
          uniq_sigmund
D:4:      layout_basic, jmf_multi_god_temple2, serial_shops, shop_coins
D:5:      layout_basic, okawaru_trees_1, mainiacjoe_overflow_tiny_flanked,
          uniq_duvessa
D:6:      layout_loops_ring, lightli_temple_of_fire, marbit_many_paths,
          dilly_guarded_unrand_devastator, uniq_blork_the_orc
D:7:      minmay_the_grid_octo_triangle [minmay_the_grid_octo_horde,
          minmay_the_grid_octo_prize_big_c, minmay_the_grid_octo_checkerflower],
          layout_cave_pools, gammafunk_temple_overflow_forgotten,
          minmay_temple_entry_mist, serial_shops, shop, nicolae_lakefront_shop,
          nicolae_figureground_sparkle, uniq_maggie, uniq_crazy_yiuf_cottage,
          uniq_pikel, uniq_jeremiah
D:8:      layout_loops_ring, hangedman_decor_slide_cut
D:9:      kennysheep_seaside_town, layout_stronghold, david_lair_generic,
          uniq_amaemon
D:10:     layout_long_grid, vehumet_altar_wand_db, old_standard_altar,
          mainiacjoe_overflow_alcove_4, abandoned_shop, uniq_josephine,
          uniq_snorg

Skill      XL: |  1  2  3  4  5  6  7  8  9 10 11 |
---------------+----------------------------------+-----
Fighting       | 1 2 3 4 5 6 7 |  7.0
Dodging        | 2 3 4 5 6 |  6.0
Shapeshifting  | 4 5 6 7 9 10 11 | 11.5
Unarmed Combat | 4 5 6 7 8 9 |  9.2
Evocations     | 1 |  1.3

Action                     |  1- 3 |  4- 6 |  7- 9 | 10-12 || total
---------------------------+-------+-------+-------+-------++-------
  Melee: Unarmed           |    93 |    69 |   239 |   393 ||   794
         Punch             |     1 |     6 |       |     1 ||     8
         Tailslap          |       |       |       |     5 ||     5
         Bite              |       |       |       |     4 ||     4
  Throw: Dart              |     1 |     5 |     7 |       ||    13
Ability: Lunge             |       |       |     6 |    24 ||    30
         Whirlwind         |       |       |     1 |    19 ||    20
  Evoke: Wand              |       |       |    17 |     3 ||    20
         Phantom mirror    |       |       |       |     1 ||     1
    Use: Potion            |       |     3 |       |     1 ||     4
         Scroll            |       |     3 |       |     7 ||    10
 Armour: Animal skin       |    56 |    30 |   113 |       ||   199
         Skin              |       |    10 |       |    20 ||    30
         Acid dragon scale |       |       |    33 |   195 ||   228
  Dodge: Dodged            |    34 |    25 |    79 |   151 ||   289
  Block: Other             |       |       |    22 |    68 ||    90
         Reflection        |       |       |     1 |     3 ||     4
   Form: Flux              |       |       |     2 |       ||     2
                           |       |       |     1 |       ||     1
         Dragon            |       |       |       |     1 ||     1

Table legend: (Time is in decaauts)
 A = Elapsed time spent in this place.
 B = Non-inter-level travel time spent in this place.
 C = Inter-level travel time spent in this place.
 D = Time resting spent in this place.
 E = Time spent auto-exploring this place.
 F = Levels seen in this place.
 G = Mean time per level.
                   A        B        C        D        E       F      G
               +--------+--------+--------+--------+--------+-----+--------+
         Total |   8738 |   8129 |    609 |    332 |   5500 |  10 |  873.8 |
       Dungeon |   8738 |   8129 |    609 |    332 |   5500 |  10 |  873.8 |
               +--------+--------+--------+--------+--------+-----+--------+

Top non-repeatable levels by time:
     D:9: 1559 daAuts
     D:5: 1045 daAuts
     D:7: 1014 daAuts
     D:1: 1010 daAuts
     D:6: 919 daAuts
     D:4: 794 daAuts
     D:8: 761 daAuts
     D:2: 622 daAuts
     D:3: 509 daAuts
    D:10: 502 daAuts
